 Dungeon Crawl Stone Soup version 0.17.2-1-ge4368a0 (webtiles) character file.

26 hurricos the Cudgeler (level 3, -7/55 HPs)
             Began as an Ogre Warper on July 4, 2018.
             Mangled by a gnoll
             ... wielding a +0 halberd
              (10 damage)
             ... on level 2 of the Dungeon.
             The game lasted 00:02:56 (1517 turns).

hurricos the Cudgeler (Ogre Warper)                 Turns: 1517, Time: 00:02:56

Health: -7/55      AC: 21    Str: 21    XL:     3   Next: 8%
Magic:  6/6        EV:  1    Int: 12    God:
Gold:   138        SH:  0    Dex: 15    Spells: 3 memorised, 1 level left

rFire  . . .     SeeInvis .     a - +0 mace
rCold  . . .     Clarity  .     (armour currently unavailable)
rNeg   + + +     SustAt   .     (no shield)
rPois  +         Gourm    .     (helmet currently unavailable)
rElec  .         Spirit   .     (cloak currently unavailable)
rCorr  +         Warding  .     (gloves unavailable)
rMut   .         NoTele   +     (boots unavailable)
MR     .....                    p - amulet of resist corrosion
Stlth  ++........               (no ring)
                                (no ring)

@: mighty, agile, tree-form (expiring), very slightly contaminated, not
resistant to hostile enchantments, unstealthy
A: unfitting armour, blurry vision 1, mutation resistance 1, (tough skin 0)
a: no special abilities


You were on level 2 of the Dungeon.
You were not hungry.
You were a tree.
You visited 1 branch of the dungeon, and saw 2 of its levels.

You collected 138 gold pieces.

Inventory:

Hand Weapons
 a - a +0 mace (weapon)
Armour
 b - a +0 robe (melded)
Jewellery
 p - an amulet of resist corrosion (around neck)
Scrolls
 d - a scroll of blinking
 g - a scroll of remove curse {unknown}
 l - a scroll of recharging {unknown}
 o - a scroll of fog {unknown}
Potions
 q - a potion of might
Books
 c - a book of Spatial Translocations

   Spells                             Type                      Level
   a - Apportation                    Translocation                1
   b - Blink                          Translocation                2
   c - Shroud of Golubria             Charms/Translocation         2
   d - Portal Projectile              Translocation                3
   e - Teleport Other                 Translocation                3
   f - Passage of Golubria            Translocation                4
Comestibles
 f - 2 bread rations
 h - 3 beef jerkies


   Skills:
 + Level 3.2 Fighting
 * Level 4.2 Maces & Flails
 - Level 1.0 Throwing
 - Level 2.1 Dodging
 - Level 2.4 Spellcasting
 - Level 2.1 Translocations


You had one spell level left.
You knew the following spells:

 Your Spells              Type           Power        Failure   Level  Hunger
a - Apportation           Tloc           #.........   12%         1    ##.....
b - Blink                 Tloc           N/A          17%         2    ###....
c - Shroud of Golubria    Chrm/Tloc      #.........   28%         2    ###....


Dungeon Overview and Level Annotations

Branches:
Dungeon (2/15)

Altars:
Sif Muna


Innate Abilities, Weirdness & Mutations

You are too large for most types of armour.
((You have tough skin (AC +1).))
Scrolls take you a little longer to read.
You are somewhat resistant to further mutation.


Message History

* * * LOW HITPOINT WARNING * * *
The gnoll hits you but does no damage. The gnoll hits you but does no damage.
The gnoll hits you but does no damage.
Your extra speed is starting to run out.
The gnoll hits you but does no damage.
The gnoll hits you from afar with a halberd.
* * * LOW HITPOINT WARNING * * *
The gnoll hits you but does no damage. The gnoll hits you but does no damage.
You feel yourself slow down. The gnoll hits you but does no damage.
The gnoll hits you but does no damage. The gnoll hits you but does no damage.
The gnoll hits you but does no damage.
Your transformation is almost over.
The gnoll hits you but does no damage. The gnoll hits you but does no damage.
The gnoll hits you from afar with a halberd!
You die...

#.##.#...............
####......(.....######.#
..gg.......##.#.#
#######....##.#.# ..#
###.......... #.#
#[....###...##
..###..#..#.#.###
......#.......###############
.....###........♣...........#
#.#.## ##.....g############.#
#.##.# #......## #.# .###.#
##.)...# #.# ####'####.#.#.#
#.# ##≈≈.≈≈##.###.# #.#
#≈≈≈.≈≈≈### #.# #.# #≈≈...≈≈#
#.# #.# #≈≈._.≈≈# #.# #.#


You could see a gnoll.

Vanquished Creatures
  3 bats (D:1)
  3 giant cockroaches (D:1)
  5 hobgoblins (D:1)
  A ball python (D:1)
  A giant gecko (D:2)
  4 giant newts
  4 goblins (D:1)
  3 kobolds
  3 rats (D:1)
27 creatures vanquished.

Notes
Turn   | Place    | Note
--------------------------------------------------------------
     0 | D:1      | hurricos the Ogre Warper began the quest for the Orb.
     0 | D:1      | Reached XP level 1. HP: 22/22 MP: 3/3
    23 | D:1      | Reached skill level 3 in Maces & Flails
    77 | D:1      | Reached XP level 2. HP: 4/31 MP: 5/5
   692 | D:1      | Learned a level 2 spell: Blink
   695 | D:1      | Learned a level 2 spell: Shroud of Golubria
   908 | D:1      | Reached skill level 4 in Maces & Flails
   963 | D:1      | Reached XP level 3. HP: 32/37 MP: 6/6
  1260 | D:2      | Found a deep blue altar of Sif Muna.
  1277 | D:2      | Found a faded altar to an unknown god.
  1450 | D:2      | Gained mutation: You are somewhat resistant to further mutation. [potion of mutation]
  1451 | D:2      | Gained mutation: Scrolls take you a little longer to read. [potion of mutation]
  1504 | D:2      | HP: 1/55 [gnoll/halberd (4)]
  1517 | D:2      | Mangled by a gnoll

Action                   || total
-------------------------++-------
Melee: Mace              ||    95
Throw: Tomahawk          ||     5
  Use: Potion            ||     7
  Eat: Bread ration      ||     1
